 Dungeon Crawl Stone Soup version 0.32-a0-540-g866d13106e (webtiles) character file.

Game seed: 286864915898060650

6682 grandjackal the Fighter (level 10, 0/87 (88) HPs)
             Began as a Demonspawn Gladiator on Feb 29, 2024.
             Was an Initiate of Gozag.
             Slain by Psyche
             ... wielding a +1 dagger of distortion
              (9 damage)
             ... on level 10 of the Dungeon.
             The game lasted 00:12:07 (7714 turns).

grandjackal the Fighter (Demonspawn Gladiator)      Turns: 7714, Time: 00:12:08

HP:   0/87 (88)     AC:  0    Str: 16    XL:     10   Next: 73%
MP:   10/10         EV: 18    Int:  8    God:    Gozag
Gold: 751           SH:  4    Dex: 18    Spells: 8/9 levels left

rFire   . . .        F - melded +2 lajatang (speed)
rCold   . . .        (shield currently unavailable)
rNeg    . . .        z - melded +3 ring mail "Goeng" {Dex+4}
rPois   .            c - melded +0 helmet
rElec   .            m - melded +0 cloak
rCorr   .            (gloves currently unavailable)
SInv    .            o - melded +0 pair of boots
Will    .....        g - amulet of regeneration
Stlth   ++           (ring currently unavailable)
HPRegen 1.14/turn    (ring currently unavailable)
MPRegen 0.12/turn

%: no passive effects
@: pig-form, lightly drained, very quick
A: fast, no casting, small, (slimy green scales 1), condensation shield, demonic
magic 2, (weakness stinger 1)
a: Renounce Religion, Potion Petition, Call Merchant, Bribe Branch


You were on level 10 of the Dungeon.
You worshipped Gozag.
Gozag was pleased with you.
You were a filthy swine.
You visited 2 branches of the dungeon, and saw 11 of its levels.

You collected 1536 gold pieces.
You spent 707 gold pieces at shops.
You paid 78 gold pieces to Gozag.

Inventory:

Hand Weapons
 a - a +0 long sword
 w - a +1 rapier of electrocution
 C - a +2 trident of venom
 F - a +2 lajatang of speed (melded)
Missiles
 d - a throwing net (quivered)
 e - 12 javelins
Armour
 c - a +0 helmet (melded)
 m - a +0 cloak (melded)
 o - a +0 pair of boots (melded)
 z - the +3 ring mail "Goeng" (melded) {Dex+4}
   (You found it on level 6 of the Dungeon)

   Dex+4:     It affects your dexterity (+4).
 H - a +2 chain mail of fire resistance
Jewellery
 g - an amulet of regeneration (around neck)
 y - a ring of fire
 I - a ring of ice
Scrolls
 f - 3 scrolls of blinking {unknown}
 h - a scroll of amnesia {unknown}
 j - 2 scrolls of brand weapon {unknown}
 n - 13 scrolls of identify {unknown}
 s - 4 scrolls of teleportation
 v - a scroll of summoning {unknown}
 x - a scroll of fog {unknown}
 D - a scroll of enchant armour {unknown}
 E - a scroll of poison {unknown}
 G - a scroll of revelation {unknown}
Potions
 b - 6 potions of curing
 i - 2 potions of might {unknown}
 k - a potion of ambrosia {unknown}
 l - 4 potions of attraction {unknown}
 p - a potion of heal wounds {unknown}
 q - a potion of magic {unknown}
 r - 3 potions of mutation {unknown}
 t - a potion of invisibility
 u - 3 potions of degeneration {unknown}
 A - a potion of haste {unknown}
 B - a potion of resistance {unknown}


   Skills:
 + Level 11.2 Fighting
 - Level 4.5 Long Blades
 - Level 4.5(5.0) Polearms
 + Level 3.3(4.4) Staves
 - Level 2.0 Throwing
 - Level 6.1 Armour
 - Level 6.5 Dodging
 + Level 1.1 Conjurations


You had 8 spell levels left.
You knew the following spells:

 Your Spells              Type           Power      Damage    Failure   Level
a - Magic Dart            Conj           4%         1d3       26%         1

Your spell library contained the following spells:

 Spells                   Type           Power      Damage    Failure   Level
 Searing Ray              Conj           2%         2d4       38%         2
 Momentum Strike          Conj/Tloc      0%         3d8       45%         2
 Blink                    Tloc           0%         N/A       54%         2
 Lesser Beckoning         Tloc           0%         N/A       54%         2
 Frozen Ramparts          Ice            0%         1d1       78%         3
 Summon Ice Beast         Ice/Summ       0%         N/A       78%         3
 Fulminant Prism          Conj/Alch      0%         3d5       98%         4
 Leda's Liquefaction      Alch/Erth      0%         N/A       99%         4
 Petrify                  Alch/Erth      0%         N/A       99%         4
 Metabolic Englaciation   Hex/Ice        0%         N/A       100%        5
 Summon Mana Viper        Hex/Summ       0%         N/A       100%        5
 Monstrous Menagerie      Summ           0%         N/A       100%        7


Dungeon Overview and Level Annotations

Branches:
Dungeon (10/15)            Temple (1/1) D:5
   Lair: D:8-11         Orc: D:9-12

Altars:
Ashenzari
Cheibriados
Dithmenos
Fedhas
Gozag
Hepliaklqana
Kikubaaqudgha
Makhleb
Nemelex Xobeh
Okawaru
Qazlal
Ru
Sif Muna
Trog
Uskayaw
Vehumet
Wu Jian
Xom
Yredelemnul

Shops:
D:4 *   D:9 *

Annotations:
D:3 2 runed translucent doors, Splishie's ghost, amateur DrSh
D:10 Psyche


Innate Abilities, Weirdness & Mutations

You are a filthy swine.
You move quickly.
Your equipment is almost entirely melded.
You are incapable of wielding weapons or throwing items.
You cannot cast spells.
((You are partially covered in slimy green scales. (AC +2)))
A meltable shield of frost defends you. (SH +4)
Spells you cast may paralyse nearby enemies.
((You have a small tail.))


Message History

Psyche mumbles some strange words.
A swirling arc of seething chaos appears!
The arc of chaos hits you!
You feel drained.
The arc of chaos grounds out.
You closely miss Psyche.
Psyche is severely wounded.
Psyche misses you.
You hit Psyche but do no damage.
Psyche is severely wounded.
Psyche screams, "Red!
No, blue!"
Psyche hits you with a +1 dagger of distortion.
Space warps horribly around you!!
* * * LOW HITPOINT WARNING * * *
You are too injured to fight recklessly!
You are too injured to fight recklessly!
You are too injured to fight recklessly!
You hit Psyche.
Psyche is almost dead.
Psyche miscasts a cantrip.
You barely miss Psyche.
Psyche is almost dead.
Psyche laughs secretively.
Psyche gestures wildly while chanting.
A swirling arc of seething chaos appears!
The arc of chaos hits you!
You barely miss Psyche.
Psyche is almost dead.
Psyche casts a spell.
Psyche flickers and vanishes!
Deactivating autopickup; reactivate with Ctrl-A.
You closely miss something. Something closely misses you. Something hits you.
Space warps horribly around you!!
* * * LOW HITPOINT WARNING * * *
You hit something. Something hits you.
* * * LOW HITPOINT WARNING * * *
Space warps around you.
* * * LOW HITPOINT WARNING * * *
You aren't carrying any items that you can evoke.
You feel better. Something hits you!
You die...
Your body crumbles into a pile of gold.

..........##......######.#.⌠.⌠
.##########......#...........
.........(....#......#....
.......^......#...........
..............#...........
..............#...........
.......<......#...........
#####+#######+#...........
#....{h........########
#..............#.......
#..............#.......
+..............#.......
#..............#.......
#..............#.......
#..............'.......
#..............#.......
........######.#


There were no monsters in sight!

Vanquished Creatures
  A centaur warrior (D:9)
  A cyclops (D:10)
  A troll (D:9)
  4 yaks
  3 steam dragons
  4 wyverns
  An acid dragon (D:9)
  A water moccasin (D:9)
  2 orc warriors
  2 ice beasts
  2 black bears
  2 sky beasts (D:8)
  5 centaurs
  A phantom (D:4)
  3 kobold brigands (D:8)
  4 bullfrogs
  A gnoll sergeant (D:7)
  2 scorpions (D:6)
  13 wights
  3 killer bees (D:9)
  An electric eel (D:8)
  A crimson imp (D:6)
  4 hounds
  2 jellies (D:7)
  3 bombardier beetles
  4 orc priests
  A sleepcap (D:6)
  3 iguanas
  15 orc wizards
  11 gnolls
  8 adders
  A shadow imp (D:7)
  3 white imps
  2 ufetubi (D:5)
  3 dart slugs
  2 ribbon worms
  37 orcs
  A ball python (D:4)
  6 endoplasms
  6 giant cockroaches
  10 goblins
  8 hobgoblins
  3 jackals (D:1)
  4 quokkas
  11 kobolds
  4 rats
210 creatures vanquished.

Vanquished Creatures (others)
  An orc wizard (D:8)
1 creature vanquished.

Grand Total: 211 creatures vanquished

Notes
Turn   | Place    | Note
-------+----------+-------------------------------------------
     0 | D:1      | grandjackal the Demonspawn Gladiator began the quest for
                  | the Orb.
     0 | D:1      | Reached XP level 1. HP: 16/16 MP: 1/1
   297 | D:1      | Gained mutation: A meltable shield of frost defends you.
                  | (SH +4) [demonic ancestry]
   297 | D:1      | Reached XP level 2. HP: 19/22 MP: 2/2
   476 | D:1      | Found a faded altar of an unknown god.
   994 | D:2      | Gained mutation: Spells you cast may paralyse adjacent
                  | enemies. [demonic ancestry]
   994 | D:2      | Reached XP level 3. HP: 28/28 MP: 3/3
  1105 | D:2      | Identified the +2 halberd "Ilirgh" {holy, Int+2}
  1269 | D:2      | Reached skill level 3 in Fighting
  1599 | D:3      | Gained mutation: You have a small tail. [demonic ancestry]
  1599 | D:3      | Reached XP level 4. HP: 35/35 MP: 4/4
  1617 | D:3      | Found a runed translucent door.
  1623 | D:3      | Noticed Splishie's ghost (amateur DrSh)
  1895 | D:3      | Found a runed translucent door.
  2122 | D:4      | Reached XP level 5. HP: 42/42 MP: 5/5
  2143 | D:4      | Reached skill level 4 in Fighting
  2143 | D:4      | Noticed a phantom
  2164 | D:4      | Killed a phantom
  2165 | D:4      | Gained mutation: You are partially covered in slimy green
                  | scales. (AC +2) [demonic ancestry]
  2165 | D:4      | Reached XP level 6. HP: 47/49 MP: 6/6
  2193 | D:4      | Found Moneyss's General Store.
  2200 | D:4      | Bought a potion of curing for 30 gold pieces
  2200 | D:4      | Bought a scroll of teleportation for 30 gold pieces
  2200 | D:4      | Bought a potion of invisibility for 80 gold pieces
  2219 | D:4      | Reached skill level 1 in Armour
  2224 | D:4      | Reached skill level 5 in Fighting
  2593 | D:4      | Gained mutation: Spells you cast may paralyse nearby
                  | enemies. [demonic ancestry]
  2593 | D:4      | Reached XP level 7. HP: 40/56 MP: 7/7
  2850 | D:5      | Entered Level 5 of the Dungeon
  2914 | D:5      | Reached skill level 6 in Fighting
  3768 | D:5      | Reached XP level 8. HP: 57/65 MP: 8/8
  3945 | D:5      | Found a staircase to the Ecumenical Temple.
  3951 | Temple   | Entered the Ecumenical Temple
  4046 | Temple   | Became a worshipper of Gozag Ym Sagoz the Greedy
  4194 | D:6      | Identified the +3 ring mail "Goeng" {Dex+4}
  4238 | D:6      | Reached skill level 7 in Fighting
  4361 | D:6      | Reached skill level 5 in Armour
  4763 | D:6      | Reached skill level 8 in Fighting
  4868 | D:6      | Found a shimmering altar of Xom.
  4877 | D:6      | Found a basalt altar of Yredelemnul.
  5171 | D:7      | Reached XP level 9. HP: 33/75 MP: 9/9
  5349 | D:7      | Reached skill level 9 in Fighting
  5735 | D:8      | Found a stormy altar of Qazlal.
  5801 | D:8      | Reached skill level 1 in Polearms
  5848 | D:8      | Reached skill level 5 in Dodging
  6590 | D:8      | Reached skill level 10 in Fighting
  6590 | D:8      | Reached XP level 10. HP: 84/85 MP: 10/10
  6875 | D:9      | Noticed a centaur warrior
  6892 | D:9      | Killed a centaur warrior
  6965 | D:9      | Found Tucviaf's Assorted Antiques.
  6984 | D:9      | Bought a scroll labelled NACOL CICZECHA for 27 gold pieces
  6984 | D:9      | Bought a glowing lajatang for 486 gold pieces
  6984 | D:9      | Bought a scroll labelled NUKKIY RIUXO for 27 gold pieces
  6984 | D:9      | Bought a scroll labelled NUKKIY RIUXO for 27 gold pieces
  7065 | D:9      | Reached skill level 1 in Staves
  7236 | D:9      | Reached skill level 11 in Fighting
  7492 | D:9      | Learned a level 1 spell: Magic Dart
  7502 | D:10     | Entered Level 10 of the Dungeon
  7502 | D:10     | Noticed a cyclops
  7508 | D:10     | Killed a cyclops
  7509 | D:10     | Reached skill level 1 in Conjurations
  7699 | D:10     | Noticed Psyche
  7713 | D:10     | HP: 2/87 [something (4)]
  7714 | D:10     | Slain by Psyche

Illustrated notes

Levels and vault maps discovered:
D:1:      minmay_arrival_nine_rooms, layout_basic,
          shapermc_ecumenical_altar_pompeii
D:2:      cheibrodos_old_hovel, layout_loops_ring
D:3:      layout_rooms, ebering_ghost_sewer_f, minmay_misc_feat_five,
          kennysheep_decorative_pillar
D:4:      layout_rooms, serial_shops, shop, minmay_misc_feat_nine_boxes
D:5:      layout_basic, minmay_temple_entry_enclosed_plants
D:6:      layout_rooms, mainiacjoe_overflow_swirl, minmay_fire_ice_demons
D:7:      layout_rooms
D:8:      layout_loops_ring, mainiacjoe_overflow_six_doors_small, serial_bayou,
          serial_bayou_pond_e, serial_bayou_crossing, serial_bayou_pond_d,
          serial_bayou_pond_c, grunt_decor_resistance, minmay_misc_feat_doors,
          nicolae_kite_square_tiling_tiny, minmay_unpleasant_kobolds
D:9:      layout_cave_pools, serial_shops, nicolae_shop_tiny_waterfront,
          minmay_diced_spiral
D:10:     layout_gridville, elyvilon_altar_5, enter_trove_6, uniq_psyche
Temple:   dpeg_five_rooms_temple

Skill      XL: |  1  2  3  4  5  6  7  8  9 10 |
---------------+-------------------------------+-----
Throwing       | 2 |  2.0
Long Blades    | 3 4 |  4.5
Dodging        | 3 5 6 |  6.5
Fighting       | 3 4 5 6 8 10 11 | 11.2
Armour         | 2 4 6 |  6.1
Polearms       | 3 4 |  4.5
Staves         | 3 |  3.3
Conjurations   | 1 |  1.1

Action                     |  1- 3 |  4- 6 |  7- 9 | 10-12 || total
---------------------------+-------+-------+-------+-------++-------
  Melee: Long sword        |    96 |   147 |   107 |       ||   350
         Tailslap          |       |    15 |    72 |    26 ||   113
         Rapier            |       |       |   259 |       ||   259
         Trident           |       |       |   119 |    67 ||   186
         Lajatang          |       |       |       |    61 ||    61
         Unarmed           |       |       |       |    10 ||    10
  Throw: Throwing net      |       |       |     2 |       ||     2
    Use: Potion            |       |       |     2 |     1 ||     3
   Stab: Sleeping          |     1 |       |       |       ||     1
         Held in net/web   |       |       |     1 |       ||     1
         Distracted        |       |       |     1 |       ||     1
 Armour: Leather armour    |    46 |       |       |       ||    46
         Scale mail        |       |   118 |   133 |       ||   251
         Ring mail         |       |       |   234 |   109 ||   343
         Skin              |       |       |       |     6 ||     6
  Dodge: Dodged            |    48 |    71 |   256 |   110 ||   485
  Block: Other             |    12 |    28 |    83 |    19 ||   142

Table legend: (Time is in decaauts)
 A = Elapsed time spent in this place.
 B = Non-inter-level travel time spent in this place.
 C = Inter-level travel time spent in this place.
 D = Time resting spent in this place.
 E = Time spent auto-exploring this place.
 F = Levels seen in this place.
 G = Mean time per level.
                   A        B        C        D        E       F      G
               +--------+--------+--------+--------+--------+-----+--------+
         Total |   7842 |   7491 |    351 |    553 |   4883 |  11 |  712.9 |
       Dungeon |   7717 |   7393 |    324 |    553 |   4883 |  10 |  771.7 |
        Temple |    124 |     98 |     26 |      0 |      0 |   1 |  124.0 |
               +--------+--------+--------+--------+--------+-----+--------+

Top non-repeatable levels by time:
     D:5: 1244 daAuts
     D:8: 1131 daAuts
     D:1: 965 daAuts
     D:4: 795 daAuts
     D:7: 764 daAuts
     D:6: 744 daAuts
     D:9: 720 daAuts
     D:2: 645 daAuts
     D:3: 497 daAuts
    D:10: 209 daAuts
  Temple: 124 daAuts
